 Dungeon Crawl Stone Soup version 0.32-a0-938-g40ac7a0f4d (webtiles) character file.

Game seed: 9557961989562768356

37485 Rocko1345 the Zephyrmancer (level 13, -1/86 HPs)
             Began as a Red Draconian Air Elementalist on Apr 3, 2024.
             Was the Champion of Jiyva.
             Slain by Pekhlad's ghost (14 damage)
             ... on level 3 of the Lair of Beasts on Apr 16, 2024.
             The game lasted 01:09:56 (19341 turns).

Rocko1345 the Zephyrmancer (DrAE)                  Turns: 19341, Time: 01:09:57

Health: -1/86      AC: 20    Str: 11    XL:     13   Next: 58%
Magic:  28/28      EV: 16    Int: 24    God:    Jiyva [******]
Gold:   580        SH:  0    Dex: 16    Spells: 24/34 levels left

rFire   + + +        x - staff of air
rCold   x . .        (no shield)
rNeg    . . .        (body armour unavailable)
rPois   .            (helmet restricted)
rElec   +            l - +2 cloak
rCorr   +            y - +2 pair of gloves
SInv    +            t - +0 pair of boots
Will    +....        (no amulet)
Stlth   +++++++      r - +4 ring of protection
HPRegen 1.94/turn    A - ring of fire
MPRegen 1.01/turn

%: no passive effects
@: lethally poisoned (-1 -> -2), enlightened, flying
A: combustion breath, AC +8, unfitting armour, fire resistance 2, cold-blooded,
antennae 1, thin skeletal structure 3, clever 1, sense surroundings 2, eyeballs
3, gelatinous body 1, pseudopods 2, tendrils, jelly absorbing missiles
a: Combustion Breath, Renounce Religion, Oozemancy, Slimify


You were on level 3 of the Lair of Beasts.
You worshipped Jiyva.
Jiyva was exalted by your worship.
You visited 2 branches of the dungeon, and saw 16 of its levels.
You also visited: Sewer.

You collected 580 gold pieces.

Inventory:

Hand Weapons
 d - a +0 dagger
 i - a +0 short sword
 k - a +3 quarterstaff of chaos
 v - a +4 scimitar of flaming
Missiles
 q - 32 poisoned darts
 F - a throwing net
Armour
 l - a +2 cloak (worn)
 t - a +0 pair of boots (worn)
 y - a +2 pair of gloves (worn)
 z - the +0 tower shield of Sunlight {Str-4 Int+3}
   (You found it on level 8 of the Dungeon)

   Str-4:     It affects your strength (-4).
   Int+3:     It affects your intelligence (+3).
Magical Staves
 x - a staff of air (weapon)
Jewellery
 p - a ring of fire
 r - a +4 ring of protection (left hand)
 A - a ring of fire (right hand)
 H - a +6 ring of dexterity
Wands
 m - a wand of paralysis (9)
 n - a wand of flame (25)
 s - a wand of iceblast (8)
 C - a wand of acid (6)
Scrolls
 c - 4 scrolls of teleportation
 g - a scroll of amnesia
 o - a scroll of fog
 u - 2 scrolls of vulnerability
 B - 2 scrolls of revelation
 D - a scroll of enchant weapon
 E - 3 scrolls of blinking
 G - 2 scrolls of poison
 J - 2 scrolls of identify
Potions
 a - a potion of magic
 b - a potion of mutation {unknown}
 e - a potion of enlightenment
 f - 5 potions of haste
 h - 2 potions of invisibility {unknown}
 j - 3 potions of curing {unknown}
 w - 3 potions of brilliance {unknown}
 I - a potion of resistance {unknown}
 K - a potion of might {unknown}
 L - a potion of lignification {unknown}


   Skills:
 + Level 9.0 Staves
 + Level 8.7 Dodging
 + Level 9.2 Stealth
 - Level 1.0 Unarmed Combat
 + Level 11.0 Spellcasting
 + Level 9.0 Conjurations
 + Level 11.1 Air Magic


You had 24 spell levels left.
You knew the following spells:

 Your Spells              Type           Power      Damage    Failure   Level
a - Shock                 Conj/Air       100%       1d9       1%          1
b - Static Discharge      Conj/Air       100%       3-8/arc   1%          2
c - Swiftness             Air            79%        N/A       1%          3
d - Airstrike             Air            39%        2d(6-22)  1%          4

Your spell library contained the following spells:

 Spells                   Type           Power      Damage    Failure   Level
 Necrotise                Necr           52%        1d6       4%          1
 Vampiric Draining        Necr           13%        2d6       14%         3
 Martyr's Knell           Necr/Summ      13%        N/A       43%         4
 Curse of Agony           Necr           13%        N/A       78%         5


Dungeon Overview and Level Annotations

Branches:
Dungeon (13/15)            Temple (0/1) D:4            Lair (3/5) D:10
 Shoals (0/4) Lair:3        Snake (0/4) Lair:3          Orc (0/2) D:10
  Sewer (visited)
 Vaults: D:13-14

Altars:
Ashenzari
Cheibriados
Dithmenos
Elyvilon
Fedhas
Gozag
Kikubaaqudgha
Nemelex Xobeh
Ru
Vehumet
Xom
Zin
The Shining One
Beogh
Jiyva

Portals:
Trove: D:12 (give 4 scrolls of fog)

Annotations:
D:9 2 runed translucent doors
Lair:3 Fetsenlu's ghost, journeyman CoHu; Pekhlad's ghost, journeyman CoFi


Innate Abilities, Weirdness & Mutations

You can breathe blasts of explosive embers.
Your fiery red scales are hard. (AC +8)
You cannot fit into any form of body armour.
Your flesh is very heat resistant. (rF++)
You are cold-blooded and may be slowed by cold attacks.
You have a pair of small antennae on your head.
You have an unnaturally thin skeletal structure. (Dex +6, Stealth+++)
Your mind is acute. (Int +4, Str/Dex -1)
You passively map the area around you.
Your body is covered in eyes which may confuse attackers. (Acc +7, SInv)
Your rubbery body absorbs attacks. (AC +1, EV +1)
Armour fits poorly on your large pseudopods.
You are covered in slimy tendrils that may disarm your opponents.
You have a small jelly attached to you that may absorb projectiles.


Message History

Casting: Swiftness (safe; 1% risk of failure)
Confirm with . or Enter, or press ? or * to list all spells.
Aiming: Airstrike (mildly dangerous; 1% risk of failure)
Press: ? - help, Dir - move target, f/p - Pekhlad's ghost
Aim: Pekhlad's ghost (empty space bonus: 5/8)
You feel a surge of power!
The air twists around and strikes Pekhlad's ghost!
Pekhlad's ghost is lightly damaged.
Fetsenlu's ghost closely misses you. Pekhlad's ghost hits you!!
* * * LOW HITPOINT WARNING * * *
Casting: Airstrike (mildly dangerous; 1% risk of failure)
Confirm with . or Enter, or press ? or * to list all spells.
Aiming: Airstrike (mildly dangerous; 1% risk of failure)
Press: ? - help, Dir - move target, f - Fetsenlu's ghost, p - Pekhlad's ghost
Aim: Fetsenlu's ghost, wielding a weapon of venom (almost destroyed, empty space bonus: 5/8)
You feel a surge of power!
The air twists around and strikes Fetsenlu's ghost!
Fetsenlu's ghost is almost destroyed.
You start to feel a little faster.
Fetsenlu's ghost hits you but does no damage.
You are poisoned.
Pekhlad's ghost hits you but does no damage.
Okay, then.
You feel very sick.
Fetsenlu's ghost attacks as it pursues you!
Fetsenlu's ghost hits you but does no damage.
You feel sick.
Pekhlad's ghost hits you but does no damage.
You feel sick.
Fetsenlu's ghost hits you but does no damage.
You are more poisoned.
It was a potion of enlightenment.
You feel very buoyant.
You fly up into the air.
You no longer feel sluggish.
You feel very sick.
Fetsenlu's ghost hits you but does no damage.
Pekhlad's ghost hits you!
You die...
Jiyva sends a jelly to digest your remains.

#######...........#P##.........##
.....###.............##..........
......##....J...###..............
.................###..#........†.
....#######.....#####.>........##
...##?♣⌠♣.##.##...##...........##
..##ß..W..ß####.>.####.........#
#.#.J..J....###...## #####.#.###
###♣..J....♣##.#@..###J##....#
###⌠.......⌠#..#WW..#.#..#.#.##
.##♣......J♣#.##...##....##...###
..####'''####'###...#.......⌠....
.........JJ............#......#.#
................##....##....#.#.#
....#..'.J.......#........###....
....###..........##...⌠...#...#..
...## ##..........#.......#......


You could see Fetsenlu's ghost and Pekhlad's ghost.

Vanquished Creatures
  Erica (D:8)
  Harold (D:9)
  2 catoblepae
  3 two-headed ogres
  An arcanist (D:11)
  2 cyclopes
  A salamander (Lair:3)
  3 ugly things
  2 manticores (Lair:3)
  2 centaur zombies (D:10)
  18 elephants
  A black mamba (Lair:2)
  11 cane toads
  2 gargoyles (D:12)
  4 komodo dragons
  4 rime drakes
  A troll (D:12)
  8 blink frogs
  A hornet (D:8)
  A meliai zombie (D:10)
  6 polar bears (Lair:3)
  3 shadows
  5 wyverns
  3 wraiths
  30 yaks
  Grum (Lair:1)
  9 basilisks
  4 steam dragons
  2 nagas (Lair:3)
  2 acid dragons
  A swamp drake (D:10)
  8 water moccasins
  4 orc warriors
  3 ice beasts
  A sky beast (D:7)
  22 wolves
  3 centaurs
  A phantom (D:7)
  4 kobold brigands
  A gnoll sergeant (D:10)
  9 bullfrogs
  2 brain worms (Sewer)
  4 scorpions
  5 killer bees (D:9)
  An electric eel (Lair:1)
  5 howler monkeys
  9 orc priests
  A gnoll bouda (D:7)
  Crazy Yiuf (D:2)
  An iguana (D:5)
  Terence (D:2)
  4 orc wizards
  6 hell rats (Lair:1)
  2 howler monkey zombies (D:10)
  5 adders
  6 gnolls
  3 river rats (Sewer)
  3 white imps
  2 ufetubi (D:6)
  4 ribbon worms
  A dart slug (D:1)
  23 orcs
  A giant cockroach (D:1)
  3 hobgoblins
  9 jackals
  A quokka (D:1)
  5 ball pythons
  2 bats
  6 frilled lizards
  9 goblins
  12 kobolds
  5 rats
333 creatures vanquished.

Vanquished Creatures (others)
  A centaur zombie (D:10)
  A slime creature (D:9)
  A water moccasin (D:9)
  A wolf (Lair:3)
  2 kobold brigands
  A bullfrog (Lair:1)
  64 jellies
  An orc priest (D:3)
  2 orc wizards (D:9)
  A howler monkey zombie (D:10)
  4 adders
  8 gnolls
  An endoplasm (D:2)
  A ribbon worm (D:4)
  14 orcs
  2 ball pythons (D:2)
  A bat (D:2)
  A giant cockroach (D:4)
  3 hobgoblins (D:2)
  2 jackals (Sewer)
  A kobold (D:2)
  A quokka (D:4)
  A frilled lizard (D:2)
  3 goblins
  5 rats
123 creatures vanquished.

Grand Total: 456 creatures vanquished

Notes
Turn   | Place    | Note
-------+----------+-------------------------------------------
     0 | D:1      | Rocko1345 the Draconian Air Elementalist began the quest
                  | for the Orb.
     0 | D:1      | Reached XP level 1. HP: 14/14 MP: 3/3
   336 | D:1      | Reached XP level 2. HP: 20/20 MP: 0/5
   392 | D:1      | Learned a level 2 spell: Static Discharge
   575 | D:1      | Found a faded altar of an unknown god.
   629 | D:1      | Prayed at the altar of an unknown god.
   629 | D:1      | Became a worshipper of Jiyva Jeonimoc the Shapeless
   629 | D:1      | Reached * piety under Jiyva
  1033 | D:2      | Reached ** piety under Jiyva
  1426 | D:2      | Reached XP level 3. HP: 24/26 MP: 0/6
  1562 | D:2      | Noticed Terence
  1583 | D:2      | Killed Terence
  1584 | D:2      | Reached skill level 1 in Unarmed Combat
  1610 | D:2      | Reached *** piety under Jiyva
  1639 | D:2      | Reached XP level 4. HP: 33/33 MP: 4/7
  1756 | D:2      | Found a glowing silver altar of Zin.
  1883 | D:2      | Found a runed translucent door.
  1884 | D:2      | Noticed Crazy Yiuf
  1890 | D:2      | Killed Crazy Yiuf
  1993 | D:3      | Gained mutation: You passively map a small area around you.
                  | [Jiyva's grace]
  1993 | D:3      | Gained mutation: You passively map the area around you.
                  | [Jiyva's grace]
  1993 | D:3      | Gained mutation: You passively map a large area around you.
                  | [Jiyva's grace]
  1993 | D:3      | Gained mutation: You have a small jelly attached to you
                  | that may absorb projectiles. [Jiyva's grace]
  2478 | D:3      | Reached **** piety under Jiyva
  2559 | D:3      | Found an ancient bone altar of Kikubaaqudgha.
  2561 | D:3      | Found a shimmering altar of Xom.
  4248 | D:4      | Noticed a steam dragon
  4336 | D:4      | Reached XP level 5. HP: 31/38 MP: 3/9
  4511 | D:4      | Found a staircase to the Ecumenical Temple.
  4576 | D:4      | Found a broken altar of Ashenzari.
  4578 | D:4      | Found a snail-covered altar of Cheibriados.
  4585 | D:4      | Found a shadowy altar of Dithmenos.
  4586 | D:4      | Found a sparkling altar of Nemelex Xobeh.
  4588 | D:4      | Found a glowing golden altar of the Shining One.
  4589 | D:4      | Found a radiant altar of Vehumet.
  4595 | D:4      | Found a sacrificial altar of Ru.
  4596 | D:4      | Found a white marble altar of Elyvilon.
  4603 | D:4      | Noticed an ogre
  4610 | D:4      | Slimified an ogre
  4610 | D:4      | an ogre changed into a jelly
  4621 | D:4      | Killed a steam dragon
  4622 | D:4      | Reached skill level 1 in Staves
  4769 | D:4      | Found a glowing drain.
  4778 | Sewer    | Entered a sewer
  4962 | Sewer    | Reached XP level 6. HP: 34/45 MP: 4/11
  5128 | Sewer    | Your scales start taking on a fiery red colour.
  5128 | Sewer    | Reached XP level 7. HP: 49/50 MP: 12/12
  5128 | Sewer    | Gained mutation: Your flesh is heat resistant. (rF+) [Red
                  | Draconian growth]
  5725 | D:5      | Entered Level 5 of the Dungeon
  6215 | D:5      | Reached ***** piety under Jiyva
  6247 | D:5      | Found an opulent altar of Gozag.
  6289 | D:5      | Reached skill level 5 in Air Magic
  6298 | D:5      | Learned a level 3 spell: Swiftness
  6463 | D:6      | Reached XP level 8. HP: 26/57 MP: 14/14
  6762 | D:6      | Gained mutation: You are covered in slimy tendrils that may
                  | disarm your opponents. [Jiyva's grace]
  6762 | D:6      | Gained mutation: Your mind is acute. (Int +4, Str/Dex -1)
                  | [Jiyva's grace]
  6762 | D:6      | Gained mutation: Your mind is very acute. (Int +8, Str/Dex
                  | -2) [Jiyva's grace]
  6762 | D:6      | Gained mutation: You have a pair of small antennae on your
                  | head. [Jiyva's grace]
  6904 | D:6      | Found a glowing silver altar of Zin.
  7311 | D:7      | Reached skill level 5 in Spellcasting
  7587 | D:7      | Learned a level 4 spell: Airstrike
  8187 | D:8      | Noticed a hornet
  8190 | D:8      | Killed a hornet
  8208 | D:8      | Identified the +0 tower shield of Sunlight {Str-4 Int+3}
  8237 | D:8      | Noticed Erica
  8444 | D:8      | Reached XP level 9. HP: 62/62 MP: 9/17
  8525 | D:8      | Killed Erica
  8798 | D:8      | Reached skill level 5 in Stealth
  8816 | D:9      | Reached skill level 5 in Dodging
  8819 | D:9      | Noticed a two-headed ogre
  8828 | D:9      | Killed a two-headed ogre
  8829 | D:9      | Reached skill level 5 in Conjurations
  8829 | D:9      | Reached XP level 10. HP: 60/69 MP: 10/20
  8883 | D:9      | Found a runed translucent door.
  8953 | D:9      | Noticed Harold
  8958 | D:9      | Killed Harold
  8959 | D:9      | Reached skill level 5 in Staves
  8993 | D:9      | Noticed a two-headed ogre
  9003 | D:9      | Killed a two-headed ogre
  9259 | D:9      | Found a runed translucent door.
 10210 | D:10     | Entered Level 10 of the Dungeon
 10227 | D:10     | Found a roughly hewn altar of Beogh.
 10227 | D:10     | Found a staircase to the Orcish Mines.
 10925 | D:10     | Reached XP level 11. HP: 74/74 MP: 15/23
 11193 | D:10     | Lost mutation: Your mind is very acute. (Int +8, Str/Dex
                  | -2) [Jiyva's grace]
 11193 | D:10     | Gained mutation: Your body has grown eyes which may confuse
                  | attackers. (Acc +3) [Jiyva's grace]
 11193 | D:10     | Gained mutation: Your body has grown many eyes which may
                  | confuse attackers. (Acc +5) [Jiyva's grace]
 11193 | D:10     | Gained mutation: Your body is covered in eyes which may
                  | confuse attackers. (Acc +7, SInv) [Jiyva's grace]
 11193 | D:10     | Gained mutation: Your flesh is very heat resistant. (rF++)
                  | [Jiyva's grace]
 11310 | D:10     | Found a blossoming altar of Fedhas.
 11570 | D:10     | Found a staircase to the Lair.
 13762 | D:10     | Upgraded the game from 0.32-a0-886-g41c5271027 to
                  | 0.32-a0-938-g40ac7a0f4d
 13817 | D:11     | Noticed a two-headed ogre
 13834 | D:10     | Killed a two-headed ogre
 13998 | D:11     | Noticed a brown ugly thing
 14007 | D:11     | Killed a brown ugly thing
 14407 | D:11     | Noticed an arcanist
 14411 | D:11     | Killed an arcanist
 14506 | D:11     | Reached ****** piety under Jiyva
 14772 | D:12     | Noticed a purple ugly thing
 14859 | D:12     | Reached skill level 10 in Air Magic
 14894 | D:12     | Noticed a cyan ugly thing
 14933 | D:12     | Killed a cyan ugly thing
 15016 | D:12     | Killed a purple ugly thing
 15198 | D:12     | Gained mutation: You have a small jelly attached to you
                  | that senses nearby items. [Jiyva's grace]
 15198 | D:12     | Gained mutation: Your mind is very acute. (Int +8, Str/Dex
                  | -2) [Jiyva's grace]
 15198 | D:12     | Gained mutation: Armour fits poorly on your pseudopods.
                  | [Jiyva's grace]
 15198 | D:12     | Gained mutation: Armour fits poorly on your large
                  | pseudopods. [Jiyva's grace]
 15511 | D:12     | You fall into a shaft and drop 1 floor!
 15726 | D:12     | Found a portal to a secret trove of treasure.
 15802 | D:13     | Noticed a vault guard
 15802 | D:13     | Noticed a vault guard
 15955 | Lair:1   | Entered Level 1 of the Lair of Beasts
 16024 | Lair:1   | Reached XP level 12. HP: 81/81 MP: 23/25
 16053 | Lair:1   | Noticed a catoblepas
 16117 | Lair:1   | Killed a catoblepas
 16461 | Lair:1   | Reached skill level 10 in Spellcasting
 16580 | Lair:1   | Noticed Grum
 16585 | Lair:1   | Killed Grum
 17804 | Lair:3   | Noticed a catoblepas
 17813 | Lair:3   | Killed a catoblepas
 17846 | Lair:3   | Reached XP level 13. HP: 86/86 MP: 8/27
 18278 | Lair:3   | HP: 2/86 [poisoned by a cane toad]
 18489 | Lair:3   | Found a runed translucent gate.
 18489 | Lair:3   | Found a runed translucent gate.
 18489 | Lair:3   | Found a runed translucent gate.
 18490 | Lair:3   | Noticed Pekhlad's ghost (journeyman CoFi)
 18492 | Lair:3   | Noticed Fetsenlu's ghost (journeyman CoHu)
 18497 | Lair:3   | Lost mutation: Your mind is very acute. (Int +8, Str/Dex
                  | -2) [Jiyva's grace]
 18497 | Lair:3   | Lost mutation: You passively map a large area around you.
                  | [Jiyva's grace]
 18497 | Lair:3   | Lost mutation: You have a small jelly attached to you that
                  | senses nearby items. [Jiyva's grace]
 18497 | Lair:3   | Gained mutation: You have a somewhat thin skeletal
                  | structure. (Dex +2, Stealth+) [Jiyva's grace]
 18497 | Lair:3   | Gained mutation: You have a moderately thin skeletal
                  | structure. (Dex +4, Stealth++) [Jiyva's grace]
 18497 | Lair:3   | Gained mutation: You have an unnaturally thin skeletal
                  | structure. (Dex +6, Stealth+++) [Jiyva's grace]
 18497 | Lair:3   | Gained mutation: Your rubbery body absorbs attacks. (AC +1,
                  | EV +1) [Jiyva's grace]
 18563 | Lair:3   | Found a staircase to the Shoals.
 18886 | Lair:3   | Found a staircase to the Snake Pit.
 19341 | Lair:3   | Slain by Pekhlad's ghost

Illustrated notes

Levels and vault maps discovered:
D:1:      dpeg_arrival_more_subterranean_lakeside_camping, layout_loops_ring,
          chequers_ecumenical_altar_island
D:2:      layout_loops_corners, basic_altar, hangedman_decor_points,
          uniq_crazy_yiuf_cottage, uniq_terence
D:3:      layout_basic, grunt_temple_overflow_open, corner_web_ring
D:4:      layout_loops_ring, nicolae_overflow_hallway_of_the_gods,
          minmay_temple_entry_fiery, gup_sewer_entry_bowl,
          serial_library_hellmonk_h_bend, serial_bayou_crossing
D:5:      nicolae_cairo_tiling_large_dashed, layout_basic,
          nicolae_gozag_cash_rules_everything_around_me, sigmund_army,
          uniq_pikel
D:6:      layout_loops_corners, lemuel_doored_altar, minivault_25
D:7:      layout_basic
D:8:      layout_rooms, uniq_erica
D:9:      cheibrodos_histonic, layout_basic, uniq_harold
D:10:     layout_loops_corners, fedhas_altar_2, erik_lair_dragon, david_orc_5,
          serial_undead, serial_undead_e, serial_undead_d, serial_undead_e,
          serial_undead_c
D:11:     layout_long_grid, kennysheep_generic_room_12
D:12:     layout_basic, enter_trove_3
D:13:     layout_loops_ring, erik_vaults_2, uniq_urug
Lair:1:   layout_gridlike, chequers_serial_rivers_micro_b, st_stairs_4,
          nicolae_quartered_pool_impasse, guppyfry_lair_drakes,
          serial_bayou_shore_a, infiniplex_staircase_pool, uniq_grum
Lair:2:   layout_gridlike
Lair:3:   layout_roguey, minmay_shoals_entry_beasts, alex1729_snake_entry_snake,
          gammafunk_ghost_cemetery, cheibrodos_lair_lostbears,
          grunt_megastairs_4

Skill      XL: |  1  2  3  4  5  6  7  8  9 10 11 12 13 |
---------------+----------------------------------------+-----
Dodging        | 2 3 4 5 6 8 |  8.7
Stealth        | 2 3 4 5 6 7 8 9 |  9.2
Unarmed Combat | 1 |  1.0
Conjurations   | 2 3 4 5 6 7 8 9 |  9.0
Spellcasting   | 3 4 5 6 8 9 10 11 | 11.0
Staves         | 1 2 3 4 5 6 8 9 |  9.0
Air Magic      | 4 5 6 7 9 10 11 | 11.1

Action                     |  1- 3 |  4- 6 |  7- 9 | 10-12 | 13-15 || total
---------------------------+-------+-------+-------+-------+-------++-------
  Melee: Dagger            |    16 |       |       |       |       ||    16
         Unarmed           |    15 |       |       |       |       ||    15
         Short sword       |    14 |       |       |       |       ||    14
         Tailslap          |     1 |     5 |    18 |    36 |    24 ||    84
         Quarterstaff      |       |    83 |    97 |       |       ||   180
         Staff             |       |       |    38 |   189 |    70 ||   297
         Scimitar          |       |       |       |    37 |    16 ||    53
         Pseudopods        |       |       |       |    11 |    33 ||    44
   Cast: Shock             |    55 |    42 |    28 |    52 |    31 ||   208
         Static Discharge  |    10 |     6 |    26 |   107 |    37 ||   186
         Swiftness         |       |       |     1 |     5 |     2 ||     8
         Airstrike         |       |       |    15 |   199 |   109 ||   323
 Invoke: Slimify           |       |     1 |       |     2 |       ||     3
Ability: Combustion Breath |       |       |     2 |     4 |     2 ||     8
    Use: Scroll            |       |     5 |     5 |     3 |       ||    13
         Potion            |       |       |       |     2 |     3 ||     5
   Stab: Sleeping          |       |     1 |     2 |       |       ||     3
         Paralysed         |       |       |     1 |       |       ||     1
         Confused          |       |       |       |     2 |     3 ||     5
 Armour: Skin              |    39 |    63 |   195 |   483 |   180 ||   960
  Dodge: Dodged            |    39 |    42 |   131 |   213 |   136 ||   561

Table legend: (Time is in decaauts)
 A = Elapsed time spent in this place.
 B = Non-inter-level travel time spent in this place.
 C = Inter-level travel time spent in this place.
 D = Time resting spent in this place.
 E = Time spent auto-exploring this place.
 F = Levels seen in this place.
 G = Mean time per level.
                   A        B        C        D        E       F      G
               +--------+--------+--------+--------+--------+-----+--------+
         Total |  19574 |  19095 |    479 |   5973 |   9136 |  17 | 1151.4 |
       Dungeon |  15403 |  14925 |    478 |   5587 |   6803 |  13 | 1184.8 |
          Lair |   3406 |   3406 |      0 |    386 |   1797 |   3 | 1135.3 |
         Sewer |    765 |    765 |      0 |      0 |    534 |   1 |  765.0 |
               +--------+--------+--------+--------+--------+-----+--------+

Top non-repeatable levels by time:
    D:10: 3708 daAuts
     D:3: 2277 daAuts
  Lair:3: 1758 daAuts
     D:9: 1402 daAuts
     D:2: 1031 daAuts
    D:12: 1017 daAuts
     D:7: 941 daAuts
     D:1: 939 daAuts
    D:11: 937 daAuts
     D:6: 932 daAuts
     D:4: 910 daAuts
  Lair:1: 861 daAuts
  Lair:2: 786 daAuts
   Sewer: 765 daAuts
     D:8: 640 daAuts
